 Dungeon Crawl Stone Soup version 0.20-a0-850-ge5a7832 (webtiles) character file.

2923 dvd the Thaumaturge (level 9, -1/47 HPs)
             Began as a Deep Elf Air Elementalist on Mar 10, 2017.
             Was a Follower of Vehumet.
             Slain by a hornet (10 damage)
             ... on level 8 of the Dungeon.
             The game lasted 00:25:14 (9669 turns).

dvd the Thaumaturge (Deep Elf Air Elementalist)     Turns: 9669, Time: 00:25:15

Health: -1/47      AC:  4    Str:  5    XL:     9   Next: 50%
Magic:  19/25      EV: 13    Int: 24    God:    Vehumet [*.....]
Gold:   252        SH:  3    Dex: 15    Spells: 16/29 levels left

rFire    + . .     SeeInvis .   M - +3 short sword (elec)
rCold    . . .     Gourm    .   a - +0 robe
rNeg     . . .     Faith    .   x - +0 buckler
rPois    .         Spirit   .   B - +0 helmet
rElec    .         Reflect  .   (no cloak)
rCorr    .         Harm     .   g - +0 pair of gloves
MR       .....                  (no boots)
Stlth    +++.......             v - amulet of magic regeneration
Regen    0.2/turn               (no ring)
MPRegen  0.3/turn               o - ring of protection from fire

@: lethally poisoned (-1 -> -25), slowed, very slow
A: no striking features
a: Renounce Religion


You were on level 8 of the Dungeon.
You worshipped Vehumet.
Vehumet was aware of your devotion.
You were not hungry.

You visited 2 branches of the dungeon, and saw 9 of its levels.

You collected 252 gold pieces.

Inventory:

Hand Weapons
 M - a +3 short sword of electrocution (weapon)
Armour
 a - a +0 robe (worn)
 g - a +0 pair of gloves (worn)
 x - a +0 buckler (worn)
 B - a +0 helmet (worn)
 K - a +0 buckler
Jewellery
 o - a ring of protection from fire (left hand)
 v - an amulet of magic regeneration (around neck)
Wands
 F - a wand of polymorph (10/24)
 L - a wand of disintegration (24/24)
Scrolls
 h - 2 scrolls of remove curse
 j - a scroll of teleportation
 n - 2 scrolls of recharging
 q - 3 scrolls of identify
 r - a scroll of magic mapping
 y - 3 scrolls of fog
 A - a scroll of blinking
 H - 3 scrolls of amnesia
Potions
 d - 2 potions of agility {unknown}
 e - a potion of lignification {unknown}
 i - a potion of cancellation {unknown}
 k - a potion of invisibility {unknown}
 l - a potion of magic {unknown}
 m - 3 potions of curing {unknown}
 p - 2 potions of flight {unknown}
 t - a potion of degeneration {unknown}
 u - a potion of ambrosia {unknown}
 z - a potion of mutation {unknown}
 I - 2 potions of brilliance {unknown}
 J - 2 potions of heal wounds {unknown}
Books
 b - a book of Air

   Spells                             Type                      Level
   a - Shock                          Conjuration/Air              1
   b - Swiftness                      Charms/Air                   2
   c - Static Discharge               Conjuration/Air              3
   d - Airstrike                      Air                          4
   e - Lightning Bolt                 Conjuration/Air              5
 D - a book of Cantrips

   Spells                             Type                      Level
   a - Confusing Touch                Hexes                        1
   b - Animate Skeleton               Necromancy                   1
   c - Summon Small Mammal            Summoning                    1
   d - Apportation                    Translocation                1
Comestibles
 c - 4 bread rations
 f - 3 royal jellies
 s - 5 fruits


   Skills:
 + Level 1.5 Fighting
 + Level 1.4 Short Blades
 + Level 3.9 Dodging
 + Level 4.2 Stealth
 + Level 10.8 Spellcasting
 + Level 5.5 Conjurations
 + Level 8.4 Air Magic


You had 16 spell levels left.
You knew the following spells:

 Your Spells              Type           Power        Failure   Level  Hunger
a - Shock                 Conj/Air       ####         1%          1    None
b - Static Discharge      Conj/Air       #####...     1%          3    None
c - Airstrike             Air            ######....   2%          4    None
d - Lightning Bolt        Conj/Air       #####.....   14%         5    ####...


Dungeon Overview and Level Annotations

Branches:
Dungeon (8/15)             Temple (1/1) D:5
   Lair: D:8-11

Altars:
Cheibriados
Dithmenos
Fedhas
Gozag
Hepliaklqana
Kikubaaqudgha
Makhleb
Nemelex Xobeh
Okawaru
Qazlal
Ru
Trog
Uskayaw
Vehumet
Wu Jian
Xom
Yredelemnul
Zin
The Shining One

Shops:
D:6 !


Message History

You feel yourself slow down. The hornet stings you!
You are more poisoned.
You feel as though you will be slow longer.
Casting: Static Discharge
Confirm with . or Enter, or press ? or * to list all spells.
The hornet is struck by lightning.
The hornet is severely wounded.
The lightning grounds out.
You feel very sick. The hornet closely misses you. x2
Casting: Static Discharge
Confirm with . or Enter, or press ? or * to list all spells.
The hornet is struck by lightning.
The hornet is almost dead.
The lightning grounds out.
You feel sick. The hornet stings you!
* * * LOW HITPOINT WARNING * * *
You are more poisoned.
You feel as though you will be slow longer.
The hornet stings you!
You die...

..(....### ########## #.#.#.#.
#.......# ..#.#.#.#.#.#.#.#.#.#.#
#.......###..#.#.#.#.#.#.#.#.#.#.
#...........#.#.#.#.#.#.#.#.#.#.#
#..##.#......#.#.#.#.#.#.#.#.#.#.
#..##.# ....#.#.#.#.#.#.#.#.#.#.#
#..##.# #.#...#.#.#.#.#.#.#.#.
#..##.# #.....#.#.#.#.#.#.#.#
#(.##.# #.#.y@#.#.#.#.#.#.#.#.
...#..# #.....#.#.#.#.#.#.#.#
#.##.## #.#.#.#.#.#.#.#.#.#.#.
#.# . ##.#.#.#.#.#.#.#.#.#.# #.#
. #.#.#.#.#.#.#.#.#.#.#. #)##.##.
##.# .#.#.#.#.#.#.#.#
#.##.#..#.##.# .#.#.#.#.#.#.#.
#.##.#.##.### #.#.#.# #.##.#.##.#
.# #. .#.#


You could see a hornet.

Vanquished Creatures
  A two-headed ogre (D:8)
  Sigmund (D:6)
  An orc warrior (D:7)
  2 sky beasts
  2 ogres
  4 centaurs
  A big kobold (D:7)
  4 bullfrogs
  A scorpion (D:5)
  A vampire bat (D:3)
  A bullfrog zombie (D:8)
  3 crimson imps
  3 hounds (D:7)
  A bullfrog skeleton (D:5)
  5 orc wizards
  Terence (D:2)
  Ijyb (D:2)
  3 iguanas
  2 worker ants (D:5)
  A hound zombie (D:5)
  A hound skeleton (D:4)
  Robin (D:4)
  11 gnolls
  7 adders
  A howler monkey skeleton (D:5)
  3 shadow imps
  2 oozes
  An adder zombie (D:5)
  4 worms
  3 dart slugs
  3 leopard geckos
  13 orcs
  3 bat skeletons (D:3)
  2 bat zombies (D:3)
  6 giant cockroaches
  6 hobgoblins
  8 jackals
  9 kobolds
  5 quokkas
  2 ball pythons
  4 bats
  3 frilled lizards
  12 goblins
  A leopard gecko zombie (D:5)
  A quokka skeleton (D:6)
  A quokka zombie (D:5)
  13 rats
165 creatures vanquished.

Vanquished Creatures (others)
  A quokka skeleton (D:5)
1 creature vanquished.

Grand Total: 166 creatures vanquished

Notes
Turn   | Place    | Note
-------+----------+-------------------------------------------
     0 | D:1      | dvd the Deep Elf Air Elementalist began the quest for the Orb.
     0 | D:1      | Reached XP level 1. HP: 10/10 MP: 6/6
   347 | D:1      | Reached XP level 2. HP: 15/15 MP: 2/8
  1052 | D:2      | Reached XP level 3. HP: 19/19 MP: 4/9
  1057 | D:2      | Learned a level 3 spell: Static Discharge
  1062 | D:2      | Noticed Ijyb
  1195 | D:2      | Killed Ijyb
  1253 | D:2      | Reached XP level 4. HP: 21/24 MP: 3/11
  1483 | D:2      | Noticed Terence
  1494 | D:2      | Killed Terence
  1494 | D:2      | Reached skill level 4 in Spellcasting
  1685 | D:2      | Learned a level 4 spell: Airstrike
  1710 | D:2      | Found a hide-covered altar of Uskayaw.
  2226 | D:3      | Found an opulent altar of Gozag.
  2633 | D:3      | Found an ancient bone altar of Kikubaaqudgha.
  2656 | D:3      | Reached XP level 5. HP: 27/28 MP: 8/13
  3238 | D:3      | Reached skill level 1 in Short Blades
  3666 | D:4      | Noticed Robin
  3988 | D:4      | Reached skill level 5 in Spellcasting
  4265 | D:4      | Killed Robin
  4265 | D:4      | Reached XP level 6. HP: 33/33 MP: 11/15
  4796 | D:5      | Entered Level 5 of the Dungeon
  4848 | D:5      | Found a glowing golden altar of the Shining One.
  5154 | D:5      | Found a stormy altar of Qazlal.
  5450 | D:5      | Found a staircase to the Ecumenical Temple.
  5463 | Temple   | Entered the Ecumenical Temple
  5560 | Temple   | Became a worshipper of Vehumet
  5834 | D:5      | Found an ornate altar of the Wu Jian Council.
  5911 | D:5      | Reached XP level 7. HP: 35/37 MP: 4/17
  6089 | D:6      | Reached skill level 6 in Spellcasting
  6174 | D:6      | Learned a level 5 spell: Lightning Bolt
  6294 | D:6      | Found Focuf's Distillery.
  6305 | D:6      | Found a hazy altar of Hepliaklqana.
  6306 | D:6      | Found a glowing silver altar of Zin.
  6336 | D:6      | Noticed Sigmund
  6435 | D:6      | Killed Sigmund
  6435 | D:6      | Reached skill level 1 in Fighting
  6435 | D:6      | Reached skill level 5 in Air Magic
  6571 | D:6      | Reached skill level 7 in Spellcasting
  6848 | D:6      | Reached XP level 8. HP: 43/43 MP: 8/21
  7236 | D:6      | Found a snail-covered altar of Cheibriados.
  7312 | D:7      | Reached skill level 8 in Spellcasting
  7454 | D:7      | Reached skill level 5 in Conjurations
  7732 | D:7      | Reached skill level 9 in Spellcasting
  8107 | D:7      | Reached * piety under Vehumet
  8107 | D:7      | Offered knowledge of Sandblast by Vehumet.
  8602 | D:8      | Reached XP level 9. HP: 41/47 MP: 5/24
  8790 | D:8      | Noticed a two-headed ogre
  8816 | D:8      | Killed a two-headed ogre
  8816 | D:8      | Reached skill level 10 in Spellcasting
  9669 | D:8      | Slain by a hornet

Vault maps used:
D:1:      minmay_arrival_stone_box, kennysheep_decorative_pillar,
          roderic_roman_lattice
D:2:      eat_drink_and_be_merry_uskayaw, minmay_rat_gold_closets, uniq_terence,
          uniq_iyjb
D:3:      kennysheep_vampire_church, grunt_gozag_breadcrumbs
D:4:      first_bread, uniq_robin
D:5:      tso_altar, lemuel_crystal_altar,
          minmay_temple_entry_statues_fountains, grunt_qazlal_clouds
D:6:      gammafunk_temple_overflow_statue, slow_altar_2, serial_shops, shop,
          uniq_sigmund
D:8:      nicolae_whirlpool, lemuel_blue_sif_altar, nrook_pool_corridor
Temple:   minmay_temple_curvy_loop

Skill      XL: |  1  2  3  4  5  6  7  8  9 |
---------------+----------------------------+-----
Conjurations   | 2 3 4 5 |  5.5
Spellcasting   | 4 5 7 9 10 | 10.8
Air Magic      | 4 5 7 8 |  8.4
Dodging        | 3 |  3.9
Stealth        | 3 4 |  4.2
Short Blades   | 1 |  1.4
Fighting       | 1 |  1.5

Action                   |  1- 3 |  4- 6 |  7- 9 || total
-------------------------+-------+-------+-------++-------
Melee: Dagger            |    11 |    60 |     7 ||    78
       Short sword       |       |       |    14 ||    14
 Cast: Shock             |    56 |   146 |    42 ||   244
       Static Discharge  |     3 |    29 |    25 ||    57
       Airstrike         |       |     3 |    53 ||    56
       Lightning Bolt    |       |       |     3 ||     3
  Use: Scroll            |       |       |    14 ||    14
 Stab: Sleeping          |     1 |     5 |     1 ||     7
  Eat: Chunk             |       |    16 |    14 ||    30
       Royal jelly       |       |       |     1 ||     1
Armor: Robe              |     7 |    28 |     3 ||    38
Dodge: Dodged            |    25 |    68 |    34 ||   127
Block: Buckler           |       |       |     2 ||     2
